Map: [ESL] Alcyone

Players

DKZherO (herO) - Winner!

  • Race: Protoss Protoss
  • Spawn Location: 1:00

MaxPax

  • Race: Protoss Protoss
  • Spawn Location: 7:00

VOD

Have the link to the VOD?

Description

Time

  • Played on: Feb. 26, 2024, 10:26 p.m.
  • Length: 15:02
Show
View Real Time Build Order
Export as new Build Order

DKZherO Protoss - Winner!

Build Orders: Oracle Opening, Phoenix Opening, Archon Immortal 

Get SALT Encoding   

  12  0:00  Probe  
  13  0:12  Probe  
  14  0:17  Pylon  
  14  0:24  Probe (Chrono Boost)  
  16  0:36  Probe (Chrono Boost)  
  16  0:37  Gateway  
  16  0:43  Probe (Chrono Boost)  
  16  0:46  Assimilator  
  17  0:51  Probe  
  17  0:55  Assimilator  
  18  1:03  Probe (Chrono Boost)  
  19  1:07  Gateway  
  20  1:12  Probe (Chrono Boost)  
  20  1:17  Probe (Chrono Boost)  
  20  1:24  Cybernetics Core  
  21  1:29  Probe  
  22  1:35  Pylon  
  22  1:41  Probe  
  23  2:00  Warp Gate, Stargate  
  23  2:08  Stalker  
  27  2:15  Pylon  
  27  2:19  Stalker  
  27  2:23  Probe  
  28  2:41  Oracle (Chrono Boost)  
  31  2:55  Nexus  
  31  3:01  Pylon  
  32  3:11  Phoenix (Chrono Boost)  
  33  3:14  Probe  
  34  3:26  Probe  
  35  3:28  Phoenix (Chrono Boost)  
  37  3:38  Probe  
  35  3:50  Adept  
  35  3:51  Phoenix (Chrono Boost), Adept  
  35  3:54  Probe  
  42  4:01  Shield Battery  
  42  4:10  Probe  
  42  4:13  Phoenix (Chrono Boost)  
  42  4:15  Probe  
  46  4:26  Probe  
  46  4:27  Probe  
  48  4:32  Adept x2  
  48  4:37  Pylon  
  52  4:43  Robotics Facility  
  53  4:45  Probe  
  53  4:48  Probe  
  54  5:05  Probe x2  
  54  5:06  Phoenix  
  58  5:09  Gateway  
  58  5:21  Probe x2  
  60  5:24  Assimilator  
  60  5:25  Assimilator, Pylon  
  60  5:33  Phoenix, Probe x2  
  64  5:37  Pylon  
  64  5:38  Immortal (Chrono Boost)  
  68  5:47  Gateway  
  68  5:48  Probe x2  
  70  5:56  Twilight Council  
  70  6:02  Zealot x2  
  74  6:06  Pylon  
  74  6:10  Immortal (Chrono Boost)  
  74  6:16  Probe x2  
  80  6:31  Gateway  
  80  6:32  Charge (Chrono Boost)  
  76  6:34  Gateway  
  76  6:36  Pylon  
  76  6:37  Gateway  
  76  6:40  Sentry  
  76  6:46  Observer (Chrono Boost)  
  79  6:47  Probe  
  79  6:50  Zealot x2  
  79  6:52  Observer  
  84  6:59  Observer, Probe  
  84  7:01  Immortal (Chrono Boost)  
  89  7:05  Pylon  
  89  7:14  Templar Archives  
  89  7:22  Nexus  
  89  7:25  Nexus  
  89  7:27  Shield Battery  
  89  7:32  Probe x2  
  89  7:36  Forge  
  92  7:44  Probe x2  
  92  7:46  Observer  
  94  7:54  Zealot x3, High Templar x2  
  104  7:59  Probe  
  104  8:00  Archon  
  104  8:08  Immortal  
  104  8:09  Protoss Ground Weapons Level 1 (Chrono Boost)  
  104  8:11  Probe x2  
  110  8:14  Assimilator  
  110  8:16  Pylon  
  110  8:18  Assimilator  
  110  8:21  Pylon  
  110  8:25  Pylon  
  110  8:32  Probe x2 (Chrono Boost)  
  110  8:38  Probe (Chrono Boost)  
  111  8:44  Probe x2 (Chrono Boost)  
  111  8:45  Nexus  
  111  8:48  Probe (Chrono Boost)  
  114  8:49  Probe (Chrono Boost)  
  114  8:50  Probe (Chrono Boost)  
  114  8:55  Observer, Probe  
  117  8:59  Probe  
  117  9:00  Probe  
  117  9:01  Shield Battery  
  120  9:04  High Templar x3  
  120  9:07  High Templar  
  120  9:09  Archon  
  128  9:17  Immortal  
  128  9:19  Probe x2  
  128  9:21  Probe  
  135  9:27  Robotics Bay  
  132  9:41  Zealot x5  
  132  9:42  Robotics Facility, Archon  
  140  9:46  Phoenix  
  142  9:57  Protoss Ground Weapons Level 2 (Chrono Boost)  
  142  9:58  Probe x4  
  142  9:59  Pylon  
  146  10:00  Assimilator, Photon Cannon  
  146  10:08  High Templar  
  146  10:09  Zealot x2, High Templar  
  146  10:12  Phoenix  
  156  10:17  Disruptor  
  156  10:18  Probe x3  
  161  10:29  Zealot x4  
  161  10:33  Disruptor (Chrono Boost)  
  165  10:45  Archon  
  165  10:49  Disruptor (Chrono Boost)  
  159  10:52  Zealot x7  
  171  11:00  Pylon, Photon Cannon  
  171  11:02  Pylon  
  171  11:06  Blink  
  171  11:08  Pylon  
  171  11:10  Pylon  
  171  11:15  Disruptor x2 (Chrono Boost)  
  175  11:19  Robotics Facility, Probe  
  175  11:20  Probe x3  
  175  11:21  Assimilator  
  183  11:28  Pylon  
  181  11:43  Disruptor, Nexus  
  181  11:44  Disruptor  
  181  11:45  Pylon  
  189  11:55  Dark Shrine  
  189  11:56  Stalker x3  
  189  11:57  Zealot x2  
  189  11:58  Gateway  
  191  12:02  Zealot x2  
  184  12:18  Disruptor (Chrono Boost)  
  184  12:19  Zealot x5  
  198  12:26  Disruptor (Chrono Boost), Probe x2  
  197  12:34  Probe x2  
  199  12:39  Pylon  
  199  12:41  Pylon x2  
  199  12:43  Pylon, Probe  
  194  12:50  Disruptor  
  196  12:51  Disruptor  
  196  12:55  Disruptor  
  182  13:01  Stalker x4  
  182  13:02  Zealot x3  
  182  13:04  Photon Cannon  
  194  13:06  Shield Battery  
  194  13:18  Stalker  
  196  13:26  Disruptor  
  190  13:28  Zealot x5  
  184  13:42  Disruptor  
  184  13:48  Stalker x2  
  182  13:49  Zealot x6  
  129  14:12  Stalker x7  
  139  14:23  Stalker  
  129  14:52  Stalker x5  
  127  14:58  Stalker  
  121  15:00  Zealot x2  
Show
View Real Time Build Order
Export as new Build Order

MaxPax Protoss 

Build Orders: 1 Gate Expand 

Get SALT Encoding   

  12  0:00  Probe  
  13  0:12  Probe  
  14  0:20  Pylon  
  14  0:24  Probe  
  15  0:38  Probe (Chrono Boost)  
  15  0:40  Gateway  
  16  0:47  Probe (Chrono Boost)  
  16  0:48  Assimilator  
  17  0:53  Probe (Chrono Boost)  
  18  1:04  Probe  
  19  1:17  Probe  
  20  1:24  Nexus  
  20  1:33  Cybernetics Core  
  20  1:39  Zealot (Chrono Boost)  
  22  1:45  Pylon  
  22  1:49  Probe  
  23  1:56  Assimilator  
  23  2:03  Probe  
  23  2:08  Stalker (Chrono Boost)  
  26  2:16  Probe  
  26  2:19  Robotics Facility  
  27  2:31  Stalker  
  27  2:33  Probe  
  30  2:39  Shield Battery  
  30  2:40  Probe  
  31  2:45  Probe  
  32  2:57  Probe  
  34  3:05  Stalker  
  35  3:08  Immortal (Chrono Boost)  
  39  3:13  Probe  
  39  3:15  Probe  
  41  3:25  Pylon, Probe (Chrono Boost)  
  41  3:26  Warp Gate  
  42  3:31  Probe (Chrono Boost)  
  38  3:37  Probe (Chrono Boost)  
  38  3:39  Shield Battery  
  39  3:43  Probe (Chrono Boost)  
  39  3:44  Probe (Chrono Boost)  
  39  3:46  Sentry  
  43  3:51  Probe  
  43  3:54  Probe  
  45  4:00  Warp Prism (Chrono Boost)  
  45  4:06  Probe  
  48  4:10  Probe  
  49  4:18  Gateway, Probe  
  49  4:19  Phoenix  
  49  4:23  Probe  
  52  4:32  Twilight Council, Pylon  
  52  4:33  Observer  
  52  4:34  Probe  
  52  4:36  Probe  
  54  4:45  Pylon  
  54  4:50  Probe  
  54  4:52  Shield Battery  
  55  4:57  Probe  
  53  5:02  Probe  
  53  5:04  Blink (Chrono Boost)  
  51  5:09  Probe  
  51  5:10  Gateway  
  51  5:11  Gateway  
  52  5:14  Probe  
  52  5:21  Probe  
  52  5:23  Stalker x2  
  52  5:26  Probe  
  52  5:28  Assimilator  
  57  5:33  Probe  
  58  5:36  Shield Battery  
  58  5:37  Pylon  
  58  5:39  Probe  
  58  5:45  Probe  
  58  5:49  Stalker  
  61  5:51  Pylon  
  61  5:52  Stalker  
  61  5:55  Probe  
  64  5:57  Probe  
  65  6:06  Stalker x2  
  69  6:14  Probe x2  
  69  6:16  Assimilator  
  69  6:17  Stalker x2  
  75  6:29  Probe  
  75  6:32  Probe  
  75  6:39  Pylon  
  75  6:41  Stalker x3  
  81  6:48  Probe  
  81  6:50  Nexus  
  82  6:54  Pylon  
  82  6:55  Stalker  
  82  6:57  Probe  
  82  7:00  Probe  
  86  7:06  Observer (Chrono Boost)  
  86  7:07  Forge  
  86  7:09  Probe  
  86  7:10  Stalker, Sentry  
  86  7:13  Shield Battery  
  86  7:14  Probe  
  92  7:17  Sentry  
  92  7:22  Probe  
  95  7:23  Observer  
  95  7:24  Stalker  
  95  7:28  Probe  
  95  7:29  Observer  
  99  7:34  Probe  
  99  7:37  Observer  
  100  7:41  Protoss Ground Weapons Level 1 (Chrono Boost), Probe  
  101  7:46  Probe  
  101  7:49  Gateway  
  101  7:50  Gateway, Observer  
  102  7:59  Probe  
  101  8:06  Stalker x4  
  101  8:07  Probe (Chrono Boost)  
  101  8:08  Probe (Chrono Boost)  
  101  8:11  Probe (Chrono Boost)  
  112  8:16  Photon Cannon  
  112  8:17  Pylon  
  112  8:19  Probe x2 (Chrono Boost)  
  115  8:20  Probe (Chrono Boost)  
  115  8:23  Charge, Probe x2 (Chrono Boost)  
  117  8:31  Pylon  
  117  8:32  Assimilator x2  
  117  8:35  Probe  
  117  8:39  Robotics Bay, Probe  
  119  8:45  Templar Archives  
  119  8:48  Pylon  
  119  8:53  Stalker x3  
  125  9:01  Stalker x3  
  130  9:05  Photon Cannon  
  130  9:24  Photon Cannon, Nexus  
  130  9:25  High Templar x2  
  130  9:26  Zealot x2  
  130  9:30  Archon  
  136  9:41  Probe  
  136  9:45  Pylon  
  137  9:55  Protoss Ground Weapons Level 2 (Chrono Boost)  
  137  9:56  Pylon  
  137  10:00  Pylon, Shield Battery  
  137  10:01  Colossus (Chrono Boost)  
  143  10:11  Pylon, Probe  
  143  10:13  Pylon, Probe  
  145  10:15  Extended Thermal Lance  
  145  10:16  High Templar x2  
  145  10:17  Zealot x4  
  157  10:22  Gateway  
  157  10:23  Gateway, Pylon, Archon  
  155  10:32  Shield Battery  
  155  10:34  Probe  
  156  10:38  Colossus (Chrono Boost)  
  161  10:43  Zealot x4  
  163  10:55  Probe  
  163  10:56  Shield Battery  
  159  10:58  High Templar x2  
  159  11:02  Gateway  
  159  11:03  Gateway, Probe  
  164  11:05  Archon  
  164  11:06  Pylon x2, High Templar  
  164  11:07  High Templar  
  168  11:11  Archon  
  168  11:13  Probe  
  167  11:21  Stalker x4  
  175  11:30  Colossus (Chrono Boost)  
  175  11:40  Zealot x4  
  175  11:45  Probe x4  
  183  11:48  Pylon  
  183  11:49  Zealot x2  
  181  12:04  Probe  
  181  12:07  Zealot x7  
  181  12:08  Zealot  
  194  12:15  Probe  
  191  12:16  Probe x2  
  191  12:17  Assimilator x2, Photon Cannon  
  187  12:25  Observer  
  187  12:29  High Templar x6  
  196  12:31  Zealot x3  
  196  12:36  Archon x3  
  174  13:02  Zealot x4  
  174  13:03  Zealot x6  
  194  13:08  Dark Shrine  
  194  13:09  Disruptor (Chrono Boost)  
  190  13:19  Robotics Facility  
  181  13:29  Zealot x10  
  175  13:41  Disruptor (Chrono Boost)  
  171  13:51  Zealot x10  
  95  14:13  Disruptor (Chrono Boost)  
  99  14:20  Stalker x7  
  104  14:39  Zealot x3  
  98  14:51  Zealot x3  
  98  14:52  Zealot x3  
Tags
 
Add a new tag
Caveats
  • Supply blocks, unpowered buildings, or Contaminate may cause inaccurate times.
  • Supply counts are checked every 10 seconds.